 Dungeon Crawl Stone Soup version 0.31.0-32-g396128a36d (webtiles) character file.

Game seed: 12225698447235888074

1564 tizbic2 the Trooper (level 8, 0/58 (62) HPs)
             Began as a Vampire Cinder Acolyte on Mar 19, 2024.
             Was an Elder of Ignis.
             Slain by a wight
             ... wielding a +7 scimitar
              (7 damage)
             ... on level 7 of the Dungeon.
             The game lasted 00:30:16 (5715 turns).

tizbic2 the Trooper (Vampire Cinder Acolyte)        Turns: 5715, Time: 00:30:17

HP:   0/58 (62)     AC: 15    Str: 12 (15) XL:     8   Next: 58%
MP:   3/13          EV: 10    Int: 15 (17) God:    Ignis [****..]
Gold: 474           SH:  5    Dex:  7 (9)  Spells: 12/14 levels left

rFire   + . .        a - -1 short sword (flame)
rCold   + + .        D - +1 buckler of the Trees {rC++ Will+}
rNeg    . . .        E - +2 robe {Will+}
rPois   .            e - +0 helmet
rElec   .            r - scarf {shadows}
rCorr   +            (no gloves)
SInv    +            y - +2 pair of boots
Will    ++...        (no amulet)
Stlth   +            k - ring of resist corrosion
HPRegen 0.49/turn    (no ring)
MPRegen 0.13/turn

%: no passive effects
@: fiery-armoured, healing quickly, drained
A: alive, fangs 3, see invisible, vampiric 2
a: Exsanguinate, Renounce Religion, Fiery Armour, Foxfire Swarm, Rising Flame


You were on level 7 of the Dungeon.
You worshipped Ignis.
Ignis was greatly pleased with you.
You visited 1 branch of the dungeon, and saw 7 of its levels.

You collected 474 gold pieces.

Inventory:

Hand Weapons
 a - a -1 short sword of flaming (weapon)
 j - a +1 halberd of flaming
 t - a +0 hand axe
 A - a +1 dagger of venom
 C - a +2 long sword of protection
 J - a +4 dagger
 L - a +0 war axe
 N - a +2 dagger of draining
 R - a +2 rapier of speed
Missiles
 l - 100 stones
 x - 31 poisoned darts (quivered)
 G - 9 boomerangs
 M - a curare-tipped dart
Armour
 e - a +0 helmet (worn)
 r - a scarf of shadows (worn)
 u - a +0 ring mail
 y - a +2 pair of boots (worn)
 D - the +1 buckler of the Trees (worn) {rC++ Will+}
   (You found it on level 3 of the Dungeon)

   rC++:      It greatly protects you from cold.
   Will+:     It increases your willpower.
 E - a +2 robe of willpower (worn)
Jewellery
 k - a ring of resist corrosion (left hand)
Talismans
 h - a beast talisman
 Q - a granite talisman
Wands
 p - a wand of iceblast (26)
 I - a wand of mindburst (15)
 K - a wand of paralysis (17)
 P - a wand of quicksilver (9)
Scrolls
 c - 2 scrolls of revelation {unknown}
 d - a scroll of noise
 f - a scroll of amnesia {unknown}
 g - 7 scrolls of identify {unknown}
 m - 7 scrolls of teleportation {unknown}
 o - a scroll of torment {unknown}
 v - a scroll of fear {unknown}
 B - a scroll of immolation
 H - 2 scrolls of poison {unknown}
 O - a scroll of blinking {unknown}
Potions
 i - a potion of lignification {unknown}
 n - a potion of heal wounds
 q - a potion of cancellation {unknown}
 s - 2 potions of curing
 w - a potion of resistance {unknown}
 z - 2 potions of haste
 F - 3 potions of attraction {unknown}


   Skills:
 + Level 5.0 Fighting
 - Level 3.2(3.3) Short Blades
 - Level 0.7(2.0) Long Blades
 + Level 3.1 Axes
 + Level 2.3 Throwing
 + Level 2.8 Armour
 * Level 4.4 Shields
 * Level 3.7 Spellcasting
 - Level 2.5 Fire Magic
 - Level 3.0 Shapeshifting


You had 12 spell levels left.
You knew the following spells:

 Your Spells              Type           Power      Damage    Failure   Level
a - Scorch                Fire           20%        2d5       14%         2

Your spell library contained the following spells:

 Spells                   Type           Power      Damage    Failure   Level
 Freeze                   Ice            8%         1d3       26%         1
 Frozen Ramparts          Ice            4%         1d1       58%         3
 Hailstorm                Conj/Ice       2%         3d5       58%         3
 Manifold Assault         Tloc           2%         N/A       94%         4
 Dispersal                Tloc           1%         N/A       100%        6
 Disjunction              Tloc           1%         N/A       100%        8


Dungeon Overview and Level Annotations

Branches:
Dungeon (7/15)
 Temple: D:4-7

Altars:
Ashenzari
Cheibriados
Hepliaklqana
Sif Muna
Uskayaw


Innate Abilities, Weirdness & Mutations

Your natural rate of healing is accelerated.
You have razor-sharp teeth.
You have supernaturally acute eyesight. (SInv)
You are afflicted with vampirism and can become a bat while bloodless.


Message History

The wight hits you with a +7 scimitar!
You feel drained.
Casting: Scorch (safe; 14% risk of failure)
Confirm with . or Enter, or press ? or * to list all spells.
Flames lash the wight.
The wight is moderately damaged.
The wight's fire resistance burns away.
The wight hits you with a +7 scimitar.
You hit the wight. You burn the wight.
The wight is heavily damaged.
The iguana is no longer more vulnerable to fire.
The wight hits you with a +7 scimitar!
You hit the wight but do no damage.
The wight is heavily damaged.
The wight hits you with a +7 scimitar.
* * * LOW HITPOINT WARNING * * *
You completely miss the wight. You bite the wight, but do no damage.
The wight is heavily damaged.
The wight is no longer more vulnerable to fire.
The wight closely misses you.
You hit the wight but do no damage. You bite the wight, but do no damage.
The wight is heavily damaged.
The wight hits you but does no damage.
You closely miss the wight.
The wight is heavily damaged.
The wight hits you with a +7 scimitar.
You barely miss the wight. Your bite misses the wight.
The wight is heavily damaged.
The wight hits you with a +7 scimitar.
* * * LOW HITPOINT WARNING * * *
You hit the wight but do no damage. Your bite misses the wight.
The wight is heavily damaged.
The wight closely misses you.
You barely miss the wight. Your bite misses the wight.
The wight is heavily damaged.
The wight hits you with a +7 scimitar.
* * * LOW HITPOINT WARNING * * *
You feel drained.
* * * LOW HITPOINT WARNING * * *
A protective cloak of flame settles atop you.
The wight hits you with a +7 scimitar!
You die...

#. .# ## #.#.#
##.##.#.# ########
)..#.#.###.....)#
.......#......#
#.#.# #......#
#...# #......#
..##.#l###......###
......zz@.........#
####.#.###......#)#
#.#.# #......#.#
..### #......#.#
#.# #......#.# .
#......#.#
....######.#
###.######.# #.
#.....#####


You could see an iguana and 2 wights.

Vanquished Creatures
  Sigmund (D:3)
  A water moccasin (D:6)
  A phantom (D:5)
  3 kobold brigands
  A scorpion (D:5)
  A bombardier beetle (D:6)
  A jelly (D:6)
  An orc priest (D:4)
  A sleepcap (D:4)
  A gnoll bouda (D:6)
  6 hounds
  Jessica (D:3)
  3 iguanas
  4 orc wizards
  20 gnolls
  10 adders
  A white imp (D:5)
  A ribbon worm (D:2)
  3 dart slugs
  10 orcs
  3 endoplasms
  4 giant cockroaches
  7 goblins
  6 hobgoblins
  6 jackals (D:1)
  2 quokkas (D:2)
  6 ball pythons
  2 bats
  2 frilled lizards
  46 kobolds
  6 rats
161 creatures vanquished.

Notes
Turn   | Place    | Note
-------+----------+-------------------------------------------
     0 | D:1      | tizbic2 the Vampire Cinder Acolyte began the quest for the
                  | Orb.
     0 | D:1      | Reached XP level 1. HP: 17/17 MP: 2/2
   251 | D:1      | Reached XP level 2. HP: 18/23 MP: 3/3
   254 | D:1      | Learned a level 2 spell: Scorch
   796 | D:2      | Reached skill level 3 in Fighting
   796 | D:2      | Reached skill level 1 in Shapeshifting
   885 | D:2      | Gained mutation: You are afflicted with vampirism and can
                  | become a bat while bloodless. [Vampire growth]
   885 | D:2      | Reached XP level 3. HP: 29/29 MP: 0/5
  1259 | D:2      | Reached XP level 4. HP: 31/35 MP: 6/6
  1828 | D:3      | Noticed Jessica
  1834 | D:3      | Killed Jessica
  2048 | D:3      | Reached XP level 5. HP: 27/42 MP: 7/7
  2105 | D:3      | Identified the +1 buckler of the Trees {rC++ Will+}
  2139 | D:3      | Noticed Sigmund
  2154 | D:3      | Killed Sigmund
  2155 | D:3      | Reached skill level 4 in Fighting
  2155 | D:3      | Reached skill level 1 in Axes
  2155 | D:3      | Reached skill level 1 in Armour
  2155 | D:3      | Reached skill level 1 in Shields
  2155 | D:3      | Reached XP level 6. HP: 47/48 MP: 7/9
  2452 | D:4      | HP: 2/48 [sleepcap (3)]
  2945 | D:5      | Entered Level 5 of the Dungeon
  2966 | D:4      | Reached XP level 7. HP: 51/54 MP: 10/10
  3018 | D:5      | Reached skill level 1 in Throwing
  3091 | D:5      | Found a snail-covered altar of Cheibriados.
  3722 | D:5      | Reached XP level 8. HP: 27/60 MP: 12/12
  4056 | D:5      | Found a shimmering blue altar of Sif Muna.
  4442 | D:6      | Found a hazy altar of Hepliaklqana.
  4499 | D:6      | Found a broken altar of Ashenzari.
  4601 | D:6      | Noticed a +0 short sword
  4603 | D:6      | Noticed a +0 dagger
  4604 | D:6      | Noticed a +0 short sword
  4605 | D:6      | Noticed a +0 spear
  4605 | D:6      | Noticed a +0 falchion
  4606 | D:6      | Noticed a +0 falchion
  4606 | D:6      | Noticed a +0 spear
  4606 | D:6      | Noticed a +0 dagger
  4608 | D:6      | Found a hide-covered altar of Uskayaw.
  5294 | D:6      | HP: 3/61 [water moccasin (8)]
  5300 | D:6      | HP: 1/61 [water moccasin (4)]
  5307 | D:6      | Reached skill level 5 in Fighting
  5715 | D:7      | Slain by a wight

Illustrated notes

Levels and vault maps discovered:
D:1:      minmay_arrival_widening_spiral_wide, layout_basic
D:2:      layout_loops_corners, minmay_unequal
D:3:      layout_rooms, minmay_misc_feat_doors, uniq_jessica, uniq_sigmund
D:4:      layout_cave_pools, st_stairs_6
D:5:      minmay_goblin_kobold_castle, layout_loops_cross, elyvilon_altar_3,
          nicolae_overflow_crystal_walls, lemuel_doored_altar
D:6:      layout_basic, nicolae_ashenzari_skybound, nicolae_uskayaw_en_pointe,
          tso_metal_star, mainiacjoe_overflow_six_doors_small
D:7:      layout_basic, nicolae_wu_jian_glorious_leap, temple_hall,
          moated_statue

Skill      XL: |  1  2  3  4  5  6  7  8 |
---------------+-------------------------+-----
Fighting       | 3 4 5 |  5.0
Shapeshifting  | 1 2 3 |  3.0
Axes           | 1 2 3 |  3.1
Armour         | 1 2 |  2.8
Shields        | 1 2 3 4 |  4.4
Spellcasting   | 2 3 |  3.7
Throwing       | 1 2 |  2.3
Short Blades   | |  3.2
Long Blades    | |  0.7
Fire Magic     | |  2.5

Action                     |  1- 3 |  4- 6 |  7- 9 || total
---------------------------+-------+-------+-------++-------
  Melee: Short sword       |   104 |    31 |    11 ||   146
         Bite              |     7 |    12 |    52 ||    71
         Hand axe          |     6 |    34 |       ||    40
         Mace              |     2 |       |       ||     2
         Dagger            |       |    52 |   282 ||   334
         Punch             |       |     3 |       ||     3
         Long sword        |       |    61 |    52 ||   113
         War axe           |       |       |    15 ||    15
         Rapier            |       |       |     2 ||     2
  Throw: Stone             |     2 |       |     8 ||    10
         Dart              |       |     5 |    15 ||    20
         Boomerang         |       |     5 |     1 ||     6
   Cast: Scorch            |     5 |    10 |    13 ||    28
 Invoke: Fiery Armour      |     2 |       |     2 ||     4
    Use: Scroll            |       |     3 |       ||     3
         Potion            |       |     1 |     5 ||     6
 Armour: Robe              |    33 |    78 |   274 ||   385
         Leather armour    |    46 |     7 |       ||    53
         Ring mail         |       |    62 |       ||    62
  Dodge: Dodged            |    84 |    93 |   177 ||   354
  Block: Buckler           |       |    34 |   102 ||   136
   Form: Beast             |     1 |       |       ||     1
                           |       |     1 |       ||     1
